Unix NetHack Version 5.0.0-0 post-release - last build Jun 10 2026 00:39:30 (3ee93aec679c4c4259841fe613dc97188e26a321,branch:main).

Game began 2026-07-11 09:37:14, ended 2026-07-11 09:55:30.

Booker, lawful male human Knight

                                ---------------
            -------------       |.............|
            |!!!!.!!!!!@@#      |....>........|
            |%!!!!!!!!.!|#      |.............|
            |!!!.!!...!.|#      |.............|          -------##########
            |!!]!!!!!...|##     -|-------------##########......|#     ---.--
            |!!!!!!!!!.!| #      ####  ##  #####         |......##    +..(.|
            ------------- #      ##### #####             -..>..|0     |....|
                          ###############                |.....|      |....|
                         --------%--########             |.....|      |....|
                         |.........|#   ###              -------      ------
                         |.........|#     #
                         |.........|#     ####    ###
                         ----...----#       -.-.- #
                           #.....####       |)..-##
                           #|...|#          |...| ###
                           #-----#          |...| #
                           #######          |....
                                            -----

Booker the Esquire       St:25 Dx:10 Co:11 In:8 Wi:15 Ch:17  Lawful S:496
Dlvl:3  $:0  HP:0(41) Pw:30(30) AC:2  Xp:4/99 T:1584 

Latest messages:
 You stop.  MrEd is in the way!
 You swap places with MrEd.
 You swap places with MrEd.
 You swap places with MrEd.
 K - a dark potion.
 You stop.  MrEd is in the way!
 "Salutations, Booker!  Welcome again to Schuls' liquor emporium!"
 You see here a clear potion (for sale, 100 zorkmids).
 You see here a clear potion (for sale, 100 zorkmids).
 MrEd picks up a yellow potion.
 You swap places with MrEd.
 You swap places with MrEd.
 You swap places with MrEd.
 You miss the jackal.
 The jackal bites!
 You kill the jackal!
 You see here a jackal corpse.
 There is a jackal corpse here; eat it? [ynq] (n)
 This jackal corpse is tough.
 You finish eating the jackal corpse.
 You swap places with MrEd.
 J - a yellow potion (2 in total).
 You kill the gas spore!
 Boom!
 Schuls is caught in the gas spore's explosion!
 Schuls gets angry!
 MrEd is caught in the gas spore's explosion!
 You are caught in the gas spore's explosion!
 Schuls zaps a spiked wand!
 Boing!
 You swap places with MrEd.
 You miss the large kobold.
 You kill the large kobold!
 The jackal misses!
 You miss the jackal.
 The jackal misses!
 You kill the jackal!
 There is a doorway here.
 You see here a jackal corpse.
 There is a jackal corpse here; eat it? [ynq] (n)
 Blecch!  Rotten food!
 The world spins and goes dark.
 You are conscious again.
 "So, Booker, you dare return to Schuls' liquor emporium?!"
 Schuls hits!
 Schuls hits again!
 Schuls hits!
 Schuls hits again!
 You die...
 Schuls takes all your possessions.

Inventory:
 Weapons  (')')
  a - an uncursed corroded +1 long sword (weapon in left hand)
  b - an uncursed +1 lance (alternate weapon; not wielded)
 Armor    ('[')
  o - an uncursed +0 orcish helm (being worn)
  t - a blessed +0 pair of gauntlets of power (being worn)
  f - an uncursed +0 pair of leather gloves
  e - an uncursed +0 small shield (being worn)
  s - an uncursed +0 cloak of magic resistance (being worn)
  c - an uncursed +1 ring mail (being worn)
 Comestibles  ('%')
  l - a cursed mango
  g - 12 uncursed apples
  h - 12 uncursed carrots
  F - an uncursed food ration
 Scrolls  ('?')
  G - an uncursed scroll of light
  E - an uncursed scroll of remove curse
 Potions  ('!')
  K - an uncursed potion of blindness
  J - 2 uncursed potions of sleeping
  H - an uncursed potion of water
 Wands    ('/')
  n - an uncursed wand of sleep (0:5)
 Tools    ('(')
  r - an uncursed blindfold
 Gems/Stones  ('*')
  i - an uncursed worthless piece of green glass

Booker the Knight's attributes:

Background:
 You were an Esquire, a level 4 male human Knight.
 You were lawful, on a mission for Lugh
 who was opposed by Brigit (neutral) and Manannan Mac Lir (chaotic).
 You were left-handed.
 You were in the Dungeons of Doom, on level 3.
 You entered the dungeon 1584 turns ago.
 You had 99 experience points, 61 more were needed to attain level 5.
 Your score was 496 before end-of-game adjustments.

Basics:
 You had 0 out of 41 hit points.
 You had all 30 energy points (spell power).
 Your armor class was 2.
 Your wallet was empty.
 Autopickup was on for '$%?!"=/' plus thrown, with exceptions.

Final Characteristics:
 Your strength was 25 (base:15, innate limit:18/100).
 Your dexterity was 10 (limit:18).
 Your constitution was 11 (limit:18).
 Your intelligence was 8 (limit:18).
 Your wisdom was 15 (limit:18).
 Your charisma was 17 (limit:18).

Final Status:
 You weren't hungry.
 You were unencumbered.
 You were wielding a long sword.
 You had basic skill with long sword.

Final Attributes:
 You were devoutly aligned.
 You were magic-protected.
 You could jump.
 You were warded.
 You are dead.

Miscellaneous:
 You disabled loading and storing of bones levels.
 Total elapsed playing time was 18 minutes and 14 seconds.

Major events:
 Turn
    1: Booker the lawful male human Knight entered the dungeon
 1081: attained the rank of Esquire (level 3)
 1584: killed by Mr. Schuls; the shopkeeper

You didn't know any spells.

Skills:
 Fighting Skills
   bare handed combat [Unskilled]
   two weapon combat  [Unskilled]
   riding             [Basic]
 Weapon Skills
   dagger             [Unskilled]
   knife              [Unskilled]
   axe                [Unskilled]
   pick-axe           [Unskilled]
   short sword        [Unskilled]
   broadsword         [Unskilled]
   long sword         [Basic]
   two-handed sword   [Unskilled]
   saber              [Unskilled]
   club               [Unskilled]
   mace               [Unskilled]
   morning star       [Unskilled]
   flail              [Unskilled]
   hammer             [Unskilled]
   polearms           [Unskilled]
   spear              [Unskilled]
   trident            [Unskilled]
   lance              [Basic]
   bow                [Unskilled]
   crossbow           [Unskilled]
 Spellcasting Skills
   attack spells      [Unskilled]
   healing spells     [Unskilled]
   clerical spells    [Unskilled]

Voluntary challenges:
 Character rerolling was not enabled.
 You were illiterate.
 You never genocided any monsters.
 You never polymorphed an object.
 You never changed form.
 You used no wishes.
Achievements:
 You entered a shop.
 You attained the rank of Esquire.

 The Dungeons of Doom: levels 1 to 3
    Level 1:
       Some altars.
    Level 2:
       An armor shop.
    Level 3: <- You were here.
       A potion shop.
       Final resting place for
          you, killed by Mr. Schuls; the shopkeeper.


Vanquished creatures:
  a small mimic
  a shrieker
 an acid blob
  a gas spore
  a large kobold
  a brown mold
  a green mold
  a gnome zombie
  a gecko
  4 jackals
  4 goblins
  4 grid bugs
  a lichen
  a kobold zombie
  5 newts
28 creatures vanquished.

No species were genocided or became extinct.

Game over:
                       ----------
                      /          \
                     /    REST    \
                    /      IN      \
                   /     PEACE      \
                  /                  \
                  |      Booker      |
                  |       0 Au       |
                  |  killed by Mr.   |
                  |   Schuls; the    |
                  |    shopkeeper    |
                  |                  |
                  |       2026       |
                 *|     *  *  *      | *
        _________)/\\_//(\/(/\)/\//\/|_)_______

Fare thee well Booker the Knight...

You died in The Dungeons of Doom on dungeon level 3 with 496 points,
and 0 pieces of gold, after 1584 moves.
You were level 4 with a maximum of 41 hit points when you died.

